 Dungeon Crawl Stone Soup version 0.13-a0-1502-g99810c3 (webtiles) character file.

158 Kae the Shooter (level 3, -10/29 HPs)
             Began as a Centaur Hunter on June 8, 2013.
             Killed from afar by Ijyb (12 damage)
             ... with a wand of flame
             ... on Level 2 of the Dungeon.
             The game lasted 00:00:47 (935 turns).

Kae the Shooter (Centaur Hunter)                     Turns: 935, Time: 00:00:47

HP -10/29        AC  4     Str 14      XL: 3   Next: 32%
MP   2/2         EV  9     Int 10      God:
Gold 117         SH  0     Dex 10      Spells:  0 memorised,  2 levels left

Res.Fire  : . . .   See Invis. : .   b - +1 bow
Res.Cold  : . . .   Warding    : .   d - +0 leather armour
Life Prot.: . . .   Conserve   : .   (no shield)
Res.Poison: .       Res.Corr.  : .   (no helmet)
Res.Elec. : .       Clarity    : .   (no cloak)
Sust.Abil.: . .     Spirit.Shd : .   (no gloves)
Res.Mut.  : .       Stasis     : .   (no barding)
Res.Rott. : .       Flight     : .   (no amulet)
Saprovore : . . .                    (no ring)
                                     (no ring)

@: very quick, not resistant to hostile enchantments, extremely unstealthy
A: hooves 3, deformed body, herbivore 1, speed 2, fast metabolism 1, tough skin
3
a: no special abilities


You were on level 2 of the Dungeon.
You were not hungry.

You visited 1 branch of the dungeon, and saw 2 of its levels.

You collected 97 gold pieces.

Inventory:

Hand weapons
 a - a +0,+0 short sword
 b - a +1,+1 bow (weapon)
Missiles
 c - 17 arrows (quivered)
Armour
 d - a +0 leather armour (worn)
Comestibles
 f - 3 bread rations
Scrolls
 g - a scroll of identify {unknown}
 h - a scroll of enchant armour {unknown}
 k - a scroll of noise {unknown}
 l - a scroll of remove curse {unknown}
Potions
 e - a potion of might {unknown}
 j - a potion of invisibility {unknown}
 m - a potion of magic {unknown}


   Skills:
 - Level 1.0 Fighting
 + Level 6.8 Bows
 - Level 1.4 Dodging
 - Level 0.5 Stealth


You had 2 spell levels left.
You didn't know any spells.

Dungeon Overview and Level Annotations

Branches:
Dungeon (2/27)

Altars:

Annotations
D:2 Ijyb


Innate Abilities, Weirdness & Mutations

You have hooves in place of feet.
Armour fits poorly on your strangely shaped body.
You digest meat inefficiently.
You cover ground very quickly.
You have a fast metabolism.
You have extremely tough skin (AC +3).


Message History

Press: ? - help, Shift-Dir - straight line, f - Ijyb
Aim: Ijyb, wielding an elven dagger and carrying a wand of flame {zapped: 1} (lightly wounded)
You shoot an arrow. The arrow hits Ijyb.
Ijyb is moderately wounded.
Ijyb zaps a wand.
The puff of flame hits you!
Firing (i - inventory):
c - 19 arrows (quivered)
Press: ? - help, Shift-Dir - straight line, f/p - Ijyb
Aim: Ijyb, wielding an elven dagger and carrying a wand of flame {zapped: 2} (moderately wounded)
You shoot an arrow. The arrow hits Ijyb.
Ijyb is heavily wounded.
Ijyb zaps a wand.
The puff of flame hits you!
* * * LOW HITPOINT WARNING * * *
Firing (i - inventory):
c - 18 arrows (quivered)
Press: ? - help, Shift-Dir - straight line, f/p - Ijyb
Aim: Ijyb, wielding an elven dagger and carrying a wand of flame {zapped: 3} (heavily wounded)
You shoot an arrow. The arrow misses Ijyb.
Ijyb zaps a wand.
The puff of flame hits you!
Your scroll labeled GHUAXI VULETHATO catches fire!
One of your 2 scrolls labeled KHAENO VOAPP catches fire!
You die...

####### ####
#.....# ...###
#.....# ### ...'.#
#.....# ..
...#%####%....# #.#
...#...##.....# ..#
...###..'.....###g#
...# ####.....'.@^#
...# #.....#####
#### #.....#
##+#### ## .# .# .#


You could see Ijyb.

Vanquished Creatures
  2 adders (D:2)
  2 giant geckos (D:1)
  A giant cockroach (D:1)
  2 goblins (D:1)
  3 hobgoblins
  4 bats (D:1)
  4 giant newts
  5 kobolds
  A rat (D:1)
24 creatures vanquished.

Notes
Turn   | Place    | Note
--------------------------------------------------------------
     0 | D:1      | Kae, the Centaur Hunter, began the quest for the Orb.
     0 | D:1      | Reached XP level 1. HP: 17/17 MP: 0/0
   215 | D:1      | Reached XP level 2. HP: 21/24 MP: 1/1
   289 | D:1      | Reached skill level 6 in Bows
   601 | D:2      | Reached XP level 3. HP: 12/29 MP: 2/2
   926 | D:2      | Noticed Ijyb
   935 | D:2      | Killed from afar by Ijyb

Action                   || total
-------------------------++-------
Melee: Short sword       ||    77
 Fire: Bow               ||     6
